[ AOE2 MATCH · #505865799 ]
UnrankedLithuanians vs Berbers
Rival team · WIN
[ REPLAY ANALYSIS · EXTRACTED FROM THE RECORDED GAME ]
Feudal
—
Castle
—
Imperial
—
| APM avg | 30.8 |
| APM peak | 79 |
| eAPM avg | 18.1 |
| Villagers / military | 30 / 0 |
Focus
⚔️ 38.0% · 🌾 62.0%
Feudal
17:08
Castle
—
Imperial
—
| APM avg | 32.0 |
| APM peak | 54 |
| eAPM avg | 17.8 |
| Villagers / military | 41 / 3 |
Focus
⚔️ 25.4% · 🌾 74.6%
Militia ×3
Match map
Initial resources + every placement click. Lines = walls · curves = elevation contours. ◆ gold · ⬟ stone · ● berries · ✦ relic · ◌ wall gap
Your base· ✓ Closed at 12:00 · 18t walls · no gate
andreamancassola12's base· ✓ Closed at 12:00 · 33t walls · no gate
Smoothed initial terrain · ◌ = detected wall gap · hover for details
Inputs per minute
— Bart - - andreamancassola12
Build order — Bart
50 actions detected in the replay
| 0:00 | Queue | Villager (Male) |
| 0:00 | Queue | Villager (Male) |
| 0:01 | Queue | Villager (Male) |
| 0:01 | Queue | Villager (Male) |
| 0:01 | Queue | Villager (Male) |
| 0:02 | Build | House |
| 0:03 | Build | House |
| 0:30 | Queue | Villager (Male) |
| 1:02 | Research | Loom |
| 1:17 | Queue | Villager (Male) |
| 1:17 | Queue | Villager (Male) |
| 1:17 | Queue | Villager (Male) |
| 2:06 | Build | Palisade Wall |
| 2:18 | Build | Palisade Wall |
| 2:33 | Build | Palisade Wall |
| 2:47 | Queue | Villager (Male) |
| 5:48 | Queue | Villager (Male) |
| 6:35 | Queue | Villager (Male) |
| 7:04 | Queue | Villager (Male) |
| 7:59 | Queue | Villager (Male) |
| 8:32 | Build | House |
| 9:14 | Build | Mill |
| 10:11 | Queue | Villager (Male) |
| 10:27 | Build | Palisade Wall |
| 10:37 | Queue | Villager (Male) |
| 10:41 | Build | Palisade Wall |
| 10:49 | Build | Palisade Wall |
| 11:06 | Build | Palisade Wall |
| 11:07 | Build | Palisade Wall |
| 11:20 | Queue | Villager (Male) |
| 11:51 | Queue | Villager (Male) |
| 12:12 | Queue | Villager (Male) |
| 12:43 | Queue | Villager (Male) |
| 12:45 | Queue | Villager (Male) |
| 13:01 | Queue | Villager (Male) |
| 13:31 | Build | House |
| 13:36 | Queue | Villager (Male) |
| 13:50 | Build | Mill |
| 14:31 | Queue | Villager (Male) |
| 14:48 | Build | Lumber Camp |
| 15:08 | Queue | Villager (Male) |
| 15:15 | Build | House |
| 15:31 | Queue | Villager (Male) |
| 15:59 | Queue | Villager (Male) |
| 16:00 | Queue | Villager (Male) |
| 16:04 | Build | Farm |
| 16:19 | Queue | Villager (Male) |
| 16:24 | Build | Farm |
| 16:49 | Queue | Villager (Male) |
| 16:53 | Build | Farm |
Build order — andreamancassola12
99 actions detected in the replay
| 0:00 | Queue | Villager (Male) |
| 0:00 | Queue | Villager (Male) |
| 0:00 | Queue | Villager (Male) |
| 0:02 | Build | House |
| 0:03 | Build | House |
| 0:19 | Research | Loom |
| 0:23 | Queue | Villager (Male) |
| 0:32 | Queue | Villager (Male) |
| 0:33 | Queue | Villager (Male) |
| 0:33 | Queue | Villager (Male) |
| 1:36 | Build | Palisade Wall |
| 2:51 | Queue | Villager (Male) |
| 3:54 | Build | Palisade Wall |
| 3:59 | Queue | Villager (Male) |
| 4:08 | Build | Palisade Wall |
| 4:09 | Build | Palisade Wall |
| 4:10 | Build | Palisade Wall |
| 4:13 | Build | Palisade Wall |
| 4:35 | Build | Palisade Wall |
| 4:45 | Queue | Villager (Male) |
| 4:45 | Queue | Villager (Male) |
| 5:09 | Build | Palisade Wall |
| 5:10 | Build | Palisade Wall |
| 5:11 | Build | Palisade Wall |
| 5:12 | Build | Palisade Wall |
| 5:19 | Build | Palisade Wall |
| 5:24 | Queue | Villager (Male) |
| 5:24 | Queue | Villager (Male) |
| 5:38 | Build | Palisade Wall |
| 6:00 | Queue | Villager (Male) |
| 6:00 | Queue | Villager (Male) |
| 6:06 | Build | Mill |
| 6:31 | Queue | Villager (Male) |
| 6:31 | Queue | Villager (Male) |
| 6:40 | Build | House |
| 6:53 | Queue | Villager (Male) |
| 6:54 | Queue | Villager (Male) |
| 7:11 | Build | House |
| 7:14 | Build | Palisade Wall |
| 7:15 | Build | Palisade Wall |
| 7:16 | Queue | Villager (Male) |
| 7:41 | Build | Palisade Wall |
| 7:42 | Build | Palisade Wall |
| 7:44 | Build | Palisade Wall |
| 7:53 | Build | Palisade Wall |
| 7:54 | Build | Palisade Wall |
| 7:55 | Build | Palisade Wall |
| 7:55 | Queue | Villager (Male) |
| 8:01 | Build | Palisade Wall |
| 8:06 | Queue | Villager (Male) |
| 8:26 | Build | House |
| 8:47 | Queue | Villager (Male) |
| 8:48 | Queue | Villager (Male) |
| 8:57 | Build | House |
| 8:59 | Build | Palisade Wall |
| 9:02 | Build | Palisade Wall |
| 9:04 | Build | Palisade Wall |
| 9:09 | Queue | Villager (Male) |
| 9:09 | Queue | Villager (Male) |
| 9:34 | Build | Palisade Wall |
| 9:37 | Build | Palisade Wall |
| 9:40 | Build | Palisade Wall |
| 9:58 | Queue | Villager (Male) |
| 9:58 | Queue | Villager (Male) |
| 9:58 | Queue | Villager (Male) |
| 9:59 | Queue | Villager (Male) |
| 10:23 | Queue | Villager (Male) |
| 10:24 | Queue | Villager (Male) |
| 10:31 | Build | Mill |
| 11:08 | Build | House |
| 11:38 | Queue | Villager (Male) |
| 11:59 | Build | Mill |
| 12:03 | Queue | Villager (Male) |
| 12:03 | Queue | Villager (Male) |
| 12:19 | Queue | Villager (Male) |
| 12:48 | Queue | Villager (Male) |
| 12:56 | Build | Lumber Camp |
| 13:04 | Build | Palisade Wall |
| 13:05 | Build | Palisade Wall |
| 13:38 | Queue | Villager (Male) |
| 13:38 | Queue | Villager (Male) |
| 14:03 | Build | Mill |
| 14:25 | Queue | Villager (Male) |
| 14:45 | Build | Mining Camp |
| 14:48 | Research | Feudal Age |
| 15:32 | Build | Barracks |
| 15:49 | Build | Palisade Wall |
| 15:49 | Build | Palisade Wall |
| 15:51 | Build | Palisade Wall |
| 15:52 | Build | Palisade Wall |
| 15:53 | Build | Palisade Wall |
| 16:07 | Queue | Villager (Male) |
| 16:21 | Build | House |
| 16:24 | Queue | Militia |
| 16:24 | Queue | Militia |
| 16:24 | Queue | Militia |
| 16:55 | Build | House |
| 17:08 | Age | Feudal Age |
| 17:14 | Build | Archery Range |
Match timeline
| 1:36 | andreamancassola12 · wall_segment Palisade Wall x6 |
| 2:06 | Bart · wall_segment Palisade Wall x1 |
| 2:18 | Bart · wall_segment Palisade Wall x8 |
| 2:33 | Bart · wall_segment Palisade Wall x1 |
| 3:54 | andreamancassola12 · wall_segment Palisade Wall x1 |
| 4:08 | andreamancassola12 · wall_segment Palisade Wall x1 |
| 4:09 | andreamancassola12 · wall_segment Palisade Wall x1 |
| 4:10 | andreamancassola12 · wall_segment Palisade Wall x1 |
| 4:13 | andreamancassola12 · wall_segment Palisade Wall x1 |
| 4:35 | andreamancassola12 · wall_segment Palisade Wall x1 |
| 5:09 | andreamancassola12 · wall_segment Palisade Wall x1 |
| 5:10 | andreamancassola12 · wall_segment Palisade Wall x1 |
| 5:11 | andreamancassola12 · wall_segment Palisade Wall x1 |
| 5:12 | andreamancassola12 · wall_segment Palisade Wall x1 |
| 5:19 | andreamancassola12 · wall_segment Palisade Wall x1 |
| 5:38 | andreamancassola12 · wall_segment Palisade Wall x1 |
| 7:14 | andreamancassola12 · wall_segment Palisade Wall x1 |
| 7:15 | andreamancassola12 · wall_segment Palisade Wall x1 |
| 7:41 | andreamancassola12 · wall_segment Palisade Wall x1 |
| 7:42 | andreamancassola12 · wall_segment Palisade Wall x1 |
| 7:44 | andreamancassola12 · wall_segment Palisade Wall x1 |
| 7:53 | andreamancassola12 · wall_segment Palisade Wall x1 |
| 7:54 | andreamancassola12 · wall_segment Palisade Wall x1 |
| 7:55 | andreamancassola12 · wall_segment Palisade Wall x1 |
| 8:01 | andreamancassola12 · wall_segment Palisade Wall x1 |
| 8:59 | andreamancassola12 · wall_segment Palisade Wall x1 |
| 9:02 | andreamancassola12 · wall_segment Palisade Wall x1 |
| 9:04 | andreamancassola12 · wall_segment Palisade Wall x1 |
| 9:34 | andreamancassola12 · wall_segment Palisade Wall x1 |
| 9:37 | andreamancassola12 · wall_segment Palisade Wall x1 |
| 9:40 | andreamancassola12 · wall_segment Palisade Wall x1 |
| 10:27 | Bart · wall_segment Palisade Wall x1 |
| 10:41 | Bart · wall_segment Palisade Wall x2 |
| 10:49 | Bart · wall_segment Palisade Wall x2 |
| 11:06 | Bart · wall_segment Palisade Wall x2 |
| 11:07 | Bart · wall_segment Palisade Wall x1 |
| 13:04 | andreamancassola12 · wall_segment Palisade Wall x1 |
| 13:05 | andreamancassola12 · wall_segment Palisade Wall x1 |
| 15:32 | andreamancassola12 · first_building Barracks |
| 15:49 | andreamancassola12 · wall_segment Palisade Wall x1 |
| 15:49 | andreamancassola12 · wall_segment Palisade Wall x1 |
| 15:51 | andreamancassola12 · wall_segment Palisade Wall x1 |
| 15:52 | andreamancassola12 · wall_segment Palisade Wall x1 |
| 15:53 | andreamancassola12 · wall_segment Palisade Wall x1 |
| 17:08 | andreamancassola12 · age_up feudal |
| 17:14 | andreamancassola12 · first_building Archery Range |
| 17:18 | Bart · resign |
[ AI ANALYSIS · 1 CREDIT ]
What really happened in this match?
Wolo.gg analyzes every decision: build order, eco, micro, common mistakes by bracket. Personalized analysis on WhatsApp or Discord in 30 seconds.
Civ guide
Lithuanians
Perfil
Jugador #616367